Map: [ESL] Alcyone

Players

Fjant

  • Race: Zerg Zerg
  • League: Grandmaster
  • Spawn Location: 7:00

VITRyung (Ryung) - Winner!

  • Race: Terran Terran
  • Spawn Location: 1:00

Event: HomeStory Cup XXV

VOD

Have the link to the VOD?

Description

Time

  • Played on: June 21, 2024, 7:26 a.m.
  • Length: 8:51

All games in this series

Show
View Real Time Build Order
Export as new Build Order

Fjant Zerg 

Build Orders: Hatch First 

Get SALT Encoding   

  12  0:00  Drone  
  13  0:12  Overlord  
  13  0:18  Drone  
  14  0:30  Drone x2  
  16  0:46  Hatchery  
  15  0:50  Drone  
  15  0:53  Drone  
  15  0:56  Drone  
  18  1:07  Extractor  
  17  1:12  Spawning Pool  
  17  1:16  Drone  
  18  1:18  Drone  
  18  1:28  Drone  
  20  1:40  Drone  
  20  1:49  Drone  
  21  1:58  Queen  
  21  1:59  Zergling x4, Queen  
  27  2:10  Drone  
  27  2:11  Overlord  
  28  2:20  Extractor  
  28  2:21  Drone  
  28  2:29  Overlord, Extractor  
  28  2:32  Drone, Metabolic Boost  
  28  2:35  Drone  
  29  2:42  Hatchery  
  29  2:45  Drone x2  
  31  2:51  Queen  
  31  2:53  Drone  
  31  2:55  Drone  
  35  3:03  Drone  
  35  3:04  Queen  
  38  3:06  Drone  
  38  3:09  Drone  
  40  3:13  Drone  
  40  3:16  Overlord  
  40  3:17  Drone  
  42  3:20  Spore Crawler  
  42  3:23  Drone  
  43  3:33  Queen, Overlord  
  45  3:35  Drone x2  
  45  3:38  Drone  
  45  3:40  Drone x2  
  50  3:48  Drone  
  51  3:49  Overlord  
  51  3:51  Queen  
  51  3:53  Queen  
  51  3:54  Zergling x2  
  56  3:56  Zergling x2  
  56  4:01  Drone  
  58  4:04  Zergling x2  
  58  4:08  Zergling x4  
  61  4:10  Overlord  
  61  4:12  Queen  
  61  4:13  Drone  
  61  4:15  Zergling x2  
  65  4:19  Drone  
  65  4:20  Overlord  
  65  4:23  Drone x2  
  68  4:25  Drone x3  
  68  4:27  Overlord  
  68  4:28  Drone x2  
  68  4:29  Drone  
  74  4:32  Lair  
  74  4:41  Baneling Nest  
  74  4:43  Drone x6  
  78  4:53  Overlord  
  78  4:54  Drone x2  
  78  4:56  Spore Crawler  
  78  4:57  Spore Crawler  
  78  4:58  Drone x2  
  78  4:59  Overlord  
  80  5:00  Drone  
  80  5:01  Drone  
  80  5:02  Spore Crawler  
  80  5:04  Extractor x2  
  80  5:06  Overlord  
  79  5:11  Drone x4  
  79  5:13  Queen  
  85  5:19  Drone x3  
  85  5:20  Evolution Chamber x2  
  86  5:27  Extractor  
  85  5:29  Hatchery  
  85  5:31  Overseer  
  85  5:32  Overseer  
  85  5:35  Drone x4  
  88  5:39  Centrifugal Hooks, Drone x2  
  88  5:41  Overlord  
  90  5:43  Drone x2  
  90  5:48  Overlord  
  92  5:53  Zerg Ground Armor Level 1  
  92  5:54  Overlord  
  92  5:56  Zergling x8  
  96  5:58  Overlord  
  96  6:04  Zerg Melee Weapons Level 1, Extractor  
  96  6:06  Overlord  
  96  6:07  Drone x4  
  99  6:12  Zergling x2  
  99  6:16  Drone x5  
  104  6:21  Drone  
  104  6:24  Zergling x4, Infestation Pit  
  104  6:25  Spore Crawler  
  105  6:27  Baneling x6  
  105  6:28  Zergling x6  
  105  6:32  Zergling x4  
  110  6:35  Zergling x2  
  111  6:40  Zergling x2  
  111  6:45  Zergling x10  
  117  6:49  Overlord  
  117  6:51  Zergling x2  
  117  6:52  Zergling x6  
  120  6:54  Overlord  
  120  6:57  Overlord  
  120  6:58  Hatchery  
  119  7:02  Zergling x8  
  119  7:03  Overlord  
  119  7:05  Baneling x8  
  119  7:06  Overlord  
  123  7:09  Zergling x2  
  123  7:10  Baneling x5  
  123  7:11  Drone  
  123  7:12  Drone x2  
  123  7:15  Hive  
  127  7:16  Drone  
  127  7:18  Drone x2  
  127  7:19  Drone x2  
  127  7:22  Drone x2  
  134  7:25  Zergling x4  
  134  7:28  Baneling x6  
  134  7:29  Zergling x8  
  140  7:37  Zergling x4  
  130  7:40  Zergling x8  
  130  7:42  Zergling x4  
  127  7:45  Zergling x8  
  127  7:48  Baneling x8  
  127  7:50  Zergling x2  
  132  7:54  Zergling x2  
  132  7:56  Baneling x6  
  133  7:59  Zergling x6  
  133  8:00  Zergling x4  
  133  8:01  Baneling x4  
  133  8:04  Zergling x2  
  116  8:12  Zergling x2  
  116  8:13  Queen, Zergling x6  
  116  8:14  Queen  
  116  8:18  Baneling, Zergling x12  
  116  8:19  Baneling x9  
  127  8:20  Zergling x2  
  127  8:26  Zergling x10  
  131  8:28  Zergling x4  
Show
View Real Time Build Order
Export as new Build Order

VITRyung Terran - Winner!

Build Orders: Reaper Expand, Hellion Banshee 

Get SALT Encoding   

  12  0:00  SCV  
  13  0:12  SCV  
  14  0:17  Supply Depot  
  14  0:24  SCV  
  15  0:39  SCV  
  15  0:40  Barracks  
  16  0:43  Refinery  
  16  0:51  SCV  
  17  1:03  SCV  
  18  1:15  SCV  
  19  1:26  Reaper  
  19  1:27  Orbital Command  
  20  1:38  Command Center  
  20  1:49  Supply Depot  
  20  1:52  SCV  
  21  1:58  Marine  
  22  2:05  SCV  
  23  2:12  Factory  
  23  2:17  SCV  
  23  2:20  Barracks Reactor  
  24  2:29  SCV  
  25  2:39  Command Center  
  25  2:42  SCV  
  26  2:53  Orbital Command  
  26  2:54  SCV  
  27  3:01  Starport  
  27  3:06  SCV  
  27  3:11  Hellion  
  27  3:12  Hellion  
  32  3:16  Refinery  
  32  3:19  SCV  
  33  3:22  SCV  
  33  3:23  Barracks Tech Lab  
  34  3:31  SCV  
  34  3:33  Hellion  
  37  3:34  SCV  
  37  3:37  Hellion  
  40  3:44  SCV  
  40  3:46  SCV  
  40  3:47  Banshee  
  40  3:48  Marine  
  45  3:54  Orbital Command  
  46  3:56  SCV  
  46  3:58  SCV  
  46  3:59  Hellion  
  50  4:03  Hellion  
  50  4:07  Barracks Tech Lab  
  52  4:10  SCV  
  52  4:11  SCV  
  52  4:12  Supply Depot  
  54  4:21  SCV  
  54  4:22  SCV  
  54  4:23  SCV  
  57  4:26  Hellion  
  57  4:27  Hellion, Stimpack  
  61  4:34  Supply Depot, Banshee  
  61  4:37  SCV x3  
  66  4:49  SCV x3  
  67  4:55  Barracks, Factory Reactor  
  67  4:57  Engineering Bay, Barracks  
  67  4:58  Engineering Bay  
  63  5:03  Orbital Command, SCV x2  
  63  5:05  Refinery  
  63  5:07  Refinery  
  65  5:09  Marine  
  66  5:15  SCV  
  66  5:16  SCV  
  68  5:25  Starport Reactor  
  68  5:26  Barracks x2  
  68  5:27  Terran Infantry Weapons Level 1, Terran Infantry Armor Level 1  
  68  5:28  SCV x2  
  70  5:29  Supply Depot x2, Marine  
  70  5:31  SCV  
  72  5:40  SCV x2  
  74  5:43  Supply Depot  
  74  5:44  Supply Depot  
  74  5:49  SCV  
  75  5:52  SCV x2  
  75  5:55  Marine x5  
  82  5:57  Siege Tank  
  82  6:01  SCV  
  82  6:02  Supply Depot  
  87  6:04  SCV  
  87  6:06  Barracks  
  87  6:08  Barracks  
  87  6:10  Barracks, Medivac x2  
  91  6:15  Barracks Reactor  
  91  6:16  Combat Shield, Barracks Reactor  
  91  6:20  SCV x3  
  94  6:30  Supply Depot x2  
  94  6:31  Siege Tank, Armory  
  97  6:34  Marine x3  
  97  6:35  Marine  
  97  6:36  Marine  
  102  6:42  Medivac  
  102  6:43  SCV x3  
  107  6:50  Marine  
  107  6:52  Marine x2  
  110  6:56  Marine x3, Medivac  
  110  6:57  Marine  
  116  7:02  Supply Depot, Marine x2  
  116  7:04  Refinery  
  116  7:05  Supply Depot  
  116  7:06  Siege Tank  
  121  7:09  Marine x2  
  121  7:10  Marine x2  
  121  7:11  Marine  
  121  7:12  Marine  
  127  7:17  Supply Depot, Medivac  
  127  7:20  Marine  
  130  7:26  Marine x3, Medivac  
  135  7:31  Marine x2  
  135  7:32  Marine x2  
  135  7:34  Marine x2  
  141  7:42  Marine x2  
  140  7:47  Marine x4  
  140  7:49  Marine x2  
  140  7:50  Marine  
  147  7:51  Marine  
  147  7:52  Marine  
  147  7:56  Marine  
  150  8:00  Marine  
  150  8:02  Siege Tank, Marine  
  150  8:05  Marine  
  156  8:07  Marine  
  156  8:08  Marine  
  156  8:09  Supply Depot x2  
  128  8:13  Marine x4  
  128  8:16  Marine x2  
  128  8:17  Medivac  
  136  8:20  Marine x2  
  136  8:25  Marine x3  
  136  8:26  Marine  
  140  8:31  Marine  
Tags
 
Add a new tag
Caveats
  • Supply blocks, unpowered buildings, or Contaminate may cause inaccurate times.
  • Supply counts are checked every 10 seconds.